 Dungeon Crawl Stone Soup version 0.32-a0-612-g1c984fe9d1 (webtiles) character file.

Game seed: 7205062134547970941

101 CougarLife the Digger (level 4, -17/24 HPs)
             Began as a Gargoyle Earth Elementalist on Mar 5, 2024.
             Shot with a bolt by an orc warrior (20 damage)
             ... on level 3 of the Dungeon.
             The game lasted 00:02:18 (1988 turns).

CougarLife the Digger (Gargoyle Earth Elementalist) Turns: 1988, Time: 00:02:18

Health: -17/24     AC:  5    Str: 12    XL:     4   Next: 75%
Magic:  7/8        EV:  1    Int: 17    God:
Gold:   109        SH:  0    Dex: 10    Spells: 8/9 levels left

rFire   . . .        c - +0 dagger
rCold   . . .        (no shield)
rNeg    + . .        a - +0 robe
rPois   ∞            (no helmet)
rElec   +            (no cloak)
rCorr   .            (no gloves)
SInv    .            (no boots)
Will    .....        (no amulet)
Stlth   ++           (no ring)
HPRegen 0.24/turn    (no ring)
MPRegen 0.11/turn

%: no passive effects
@: constricted
A: sickness immunity, AC +3, negative energy resistance 1, electricity
resistance, torment resistance 1, petrification resistance
a: no special abilities


You were on level 3 of the Dungeon.
You visited 1 branch of the dungeon, and saw 3 of its levels.

You collected 109 gold pieces.

Inventory:

Hand Weapons
 c - a +0 dagger (weapon)
Armour
 a - a +0 robe (worn)
Jewellery
 k - a ring of fire
Scrolls
 e - a scroll of amnesia {unknown}
 h - a scroll of identify {unknown}
 i - a scroll of enchant weapon {unknown}
 m - a scroll of fear {unknown}
 n - a scroll of teleportation {unknown}
 o - a scroll of vulnerability {unknown}
Potions
 b - a potion of magic
 d - a potion of heal wounds {unknown}
 f - a potion of curing {unknown}
 g - a potion of attraction {unknown}
 j - a potion of brilliance {unknown}
 l - a potion of degeneration {unknown}
 p - a potion of lignification {unknown}


   Skills:
 - Level 1.5 Dodging
 - Level 2.1 Stealth
 + Level 3.1 Spellcasting
 + Level 2.8 Conjurations
 + Level 4.6 Earth Magic


You had 8 spell levels left.
You knew the following spells:

 Your Spells              Type           Power      Damage    Failure   Level
a - Sandblast             Erth           36%        2d10      2%          1

Your spell library contained the following spells:

 Spells                   Type           Power      Damage    Failure   Level
 Passwall                 Erth           18%        N/A       8%          3
 Stone Arrow              Conj/Erth      30%        3d8       11%         3
 Brom's Barrelling Bould  Conj/Erth      15%        2d4       36%         4
 Petrify                  Alch/Erth      10%        N/A       54%         4
 Olgreb's Toxic Radiance  Alch           2%         N/A       86%         4
 Ozocubu's Refrigeration  Ice            1%         4d7       100%        7
 Discord                  Hex            1%         N/A       100%        8


Dungeon Overview and Level Annotations

Branches:
Dungeon (3/15)

Altars:


Innate Abilities, Weirdness & Mutations

You are immune to sickness and miasma.
Your stone body is resilient. (AC +3)
You are immune to poison.
You resist negative energy. (rN+)
You are resistant to electric shocks. (rElec)
You are resistant to unholy torment.
You are immune to petrification.


Message History

Nothing appears to happen.
An orc is nearby!
The blast of sand hits the orc.
You kill the orc!
An orc warrior comes into view. It is wielding a +0 dire flail.
An orc warrior is nearby!
The orc warrior shouts!
You hear an angry hiss.
You hear a shout!
You hear an angry hiss.
The orc warrior unwields a +0 dire flail.
The orc warrior wields a +0 arbalest.
The orc warrior shoots a bolt.
The bolt barely misses you.
Items here: " $ ) [.
The blast of sand hits the orc warrior!
The orc warrior is moderately wounded.
The orc warrior shoots a bolt.
The bolt hits you!!
Ouch! That really hurt!
* * * LOW HITPOINT WARNING * * *
Your magical contamination has completely faded away.
Casting: Sandblast (safe; 2% risk of failure)
Confirm with . or Enter, or press ? or * to list all spells.
You don't know that spell.
Unknown command.
Found an embroidered hat.
A ball python comes into view.
The orc warrior shoots a bolt.
The bolt barely misses you.
The ball python hisses angrily.
The orc warrior shoots a bolt.
The bolt hits you.
* * * LOW HITPOINT WARNING * * *
The ball python attacks as it pursues you!
The ball python bites you but does no damage.
The ball python grabs you. The ball python constricts you.
* * * LOW HITPOINT WARNING * * *
The orc warrior shoots a bolt.
The bolt hits you.
* * * LOW HITPOINT WARNING * * *
The ball python bites you but does no damage.
The ball python constricts you.
The ball python's grasp on you weakens, but your attempt to escape fails.
The orc warrior shoots a bolt.
The bolt hits you!!
Ouch! That really hurt!
You die...

#.##......
#######.##.#.###
##.....o......#
#..o....#...### .....
#..####.##### #...#
#....##.# #.>.#
####.##.##.# #...#
#..S.......# #
#####...#####.#@###.#.##
#
##...........#.#.###.#.#
#
..................#.....
###
##...........#.#..#..#
## #..
###.#...#.###..>....#.#
#.#
#.#.......###.......#
#.# #>#...#.#.#
####.#### #.#
#.#...#.#.# #.# #.#
#.##....#.# #.###### #.#


You could see an orc warrior and a ball python.

Vanquished Creatures
  4 adders
  2 dart slugs (D:1)
  A ribbon worm (D:2)
  An orc (D:3)
  5 bats
  7 endoplasms
  3 hobgoblins
  6 jackals
  3 quokkas
  A ball python (D:1)
  6 frilled lizards (D:1)
  6 goblins
  4 kobolds
  6 rats
55 creatures vanquished.

Notes
Turn   | Place    | Note
-------+----------+-------------------------------------------
     0 | D:1      | CougarLife the Gargoyle Earth Elementalist began the quest
                  | for the Orb.
     0 | D:1      | Reached XP level 1. HP: 10/10 MP: 3/3
   101 | D:1      | Reached XP level 2. HP: 13/15 MP: 1/5
   301 | D:1      | Reached skill level 4 in Earth Magic
   649 | D:1      | Reached XP level 3. HP: 19/19 MP: 4/6
  1313 | D:2      | Reached XP level 4. HP: 24/24 MP: 6/8
  1331 | D:2      | Identified the +0 ring mail "Goggiff" {Regen+ Int+2 SInv}
  1965 | D:3      | Noticed an orc warrior
  1988 | D:3      | Shot with a bolt by an orc warrior

Illustrated notes

Levels and vault maps discovered:
D:1:      dpeg_arrival_simpleton_a, layout_basic
D:2:      layout_rooms
D:3:      layout_loops_cross, minmay_starry_boxes

Skill      XL: |  1  2  3  4 |
---------------+-------------+-----
Earth Magic    | 4 |  4.6
Conjurations   | 2 |  2.8
Spellcasting   | 3 |  3.1
Dodging        | |  1.5
Stealth        | |  2.1

Action                     |  1- 3 |  4- 6 || total
---------------------------+-------+-------++-------
  Melee: Dagger            |    20 |    13 ||    33
   Cast: Sandblast         |    41 |    36 ||    77
 Armour: Robe              |     9 |    34 ||    43
  Dodge: Dodged            |    17 |    25 ||    42

Table legend: (Time is in decaauts)
 A = Elapsed time spent in this place.
 B = Non-inter-level travel time spent in this place.
 C = Inter-level travel time spent in this place.
 D = Time resting spent in this place.
 E = Time spent auto-exploring this place.
 F = Levels seen in this place.
 G = Mean time per level.
                   A        B        C        D        E       F      G
               +--------+--------+--------+--------+--------+-----+--------+
         Total |   2025 |   1982 |     43 |    129 |   1518 |   3 |  675.0 |
       Dungeon |   2025 |   1982 |     43 |    129 |   1518 |   3 |  675.0 |
               +--------+--------+--------+--------+--------+-----+--------+

Top non-repeatable levels by time:
     D:1: 1111 daAuts
     D:2: 635 daAuts
     D:3: 278 daAuts
